 Dungeon Crawl Stone Soup version 0.13.2 (console) character file.

466 CALLOUS the Skirmisher (level 6, -3/50 HPs)
             Began as a Hill Orc Arcane Marksman on Nov 29, 2015.
             Slain by an ogre
             ... wielding a +0,+0 giant club
              (20 damage)
             ... on Level 5 of the Dungeon on Sept 18, 2018.
             The game lasted 01:58:54 (10200 turns).

CALLOUS the Skirmisher (Hill Orc Arcane Marksman)  Turns: 10200, Time: 01:58:54

HP  -3/50        AC  3     Str 16      XL: 6   Next: 26%
MP   8/8         EV 11     Int 13      God:
Gold 189         SH  0     Dex 10      Spells:  1 memorised,  7 levels left

Res.Fire  : . . .   See Invis. : .   E - +0 dagger
Res.Cold  : . . .   Warding    : .   k - -1 leather armour (curse)
Life Prot.: . . .   Conserve   : .   (no shield)
Res.Poison: .       Res.Corr.  : .   (no helmet)
Res.Elec. : .       Clarity    : .   (no cloak)
Sust.Abil.: . .     Spirit.Shd : .   (no gloves)
Res.Mut.  : .       Stasis     : .   I - +0 pair of elf boots
Res.Rott. : .       Flight     : .   (no amulet)
Saprovore : + . .                    (no ring)
                                     (no ring)

@: slightly resistant to hostile enchantments, unstealthy
A: saprovore 1
a: no special abilities


You were on level 5 of the Dungeon.
You were not hungry.

You visited 1 branch of the dungeon, and saw 6 of its levels.

You collected 139 gold pieces.

Inventory:

Hand weapons
 x - a +0,+0 dagger
 E - a +0,+0 dagger (weapon)
 G - a +0,+1 dwarven dagger
 H - a +0,+0 spear
 J - a -1,+1 orcish club
 K - a cursed -2,+1 orcish club
 S - a +0,+1 orcish hand axe
 T - a cursed -2,-2 dwarven dagger
 U - a -1,+0 orcish trident
 Y - a -1,+0 orcish dagger
Missiles
 c - 4 throwing nets
 i - 48 arrows
 s - 19 sling bullets
 Q - 18 bolts
 R - 71 stones
 V - 23 darts (quivered)
Armour
 a - a +0 orcish robe
 k - a cursed -1 leather armour (worn)
 I - a +0 pair of elven boots (worn)
Comestibles
 f - a meat ration
 h - 2 apples
 w - 5 bread rations
 D - a rotting chunk of jackal flesh
 O - 2 oranges
 P - a rotting chunk of jackal flesh
Scrolls
 j - a scroll of amnesia {unknown}
 m - 2 scrolls of teleportation {unknown}
 n - 2 scrolls of noise {unknown}
 o - a scroll of random uselessness {unknown}
 q - 10 scrolls of remove curse {unknown}
 t - 2 scrolls of identify {unknown}
 F - a scroll of enchant weapon II {unknown}
 L - 2 scrolls of curse jewellery {unknown}
Jewellery
 C - an uncursed amulet of rage {unknown}
Potions
 g - 2 potions of curing
 p - a potion of magic {unknown}
 z - a potion of speed {unknown}
 M - a potion of cure mutation {unknown}
 N - a potion of resistance {unknown}
 W - a potion of degeneration {unknown}
 X - 2 potions of berserk rage
 Z - a potion of restore abilities {unknown}
Books
 d - a book of Debilitation

   Spells                             Type                      Level
   *Corona                            Hexes                        1
   Slow                               Hexes                        2
   Inner Flame                        Hexes/Fire                   3
   Enslavement                        Hexes                        4
   Cause Fear                         Hexes                        4
   Leda's Liquefaction                Hexes/Earth                  4
Carrion
 B - a jackal skeleton


   Skills:
 * Level 4.7 Fighting
 * Level 2.2 Axes
 - Level 2.0 Throwing
 + Level 4.3 Armour
 - Level 1.5 Dodging
 - Level 1.5 Spellcasting
 - Level 3.0 Hexes


You had 7 spell levels left.
You knew the following spells:

 Your Spells              Type           Power        Failure   Level  Hunger
a - Corona                Hex            #......      10%         1    ##.....


Dungeon Overview and Level Annotations

Branches:
Dungeon (6/27)
 Temple: D:4-7          Orc: D:6-11

Altars:

Annotations:
D:1 1 exclusion
D:2 Sigmund
D:3 exclusions: ogre and 1 more exclusion
D:4 exclusions: ogre and 2 worker ants
D:5 exclusion: ogre, Grinder
D:6 exclusion: ice beast


Innate Abilities, Weirdness & Mutations

You can tolerate rotten meat.


Message History

The ogre hits you with a giant club!
* * * LOW HITPOINT WARNING * * *
You feel much better. The ogre barely misses you.
You hit the ogre.
The ogre is severely wounded.
You barely miss the ogre.
The ogre is severely wounded.
The ogre misses you.
You hit the ogre but do no damage.
The ogre is severely wounded.
The ogre barely misses you.
You hit the ogre but do no damage.
The ogre is severely wounded.
The ogre hits you with a giant club!
You hit the ogre.
The ogre is almost dead.
You hit the ogre but do no damage.
The ogre is almost dead.
The ogre hits you with a giant club!
You die...

################
(O)............##
############....#
#....# #....# #....#
####### #....#
......######....#
...$.......(((.[#######
......########(O@.....#
......# #........#
......# #........#
......# #........#
......# #........#
......# #........#
...%..# #........#
......# #........#
###.### ###..##### #.#
#..# #.# ..#


You could see an ogre.

Vanquished Creatures
  3 hounds
  Ijyb (D:5)
  An ogre skeleton (D:4)
  A hound skeleton (D:6)
  2 adders
  An inept feature mimic (D:4)
  A worm (D:3)
  A scorpion zombie (D:6)
  6 giant geckos
  9 orcs
  A ball python (D:3)
  15 bats
  7 goblins
  11 hobgoblins
  4 jackals
  A quokka (D:2)
  4 giant cockroaches
  A giant cockroach zombie (D:6)
  9 giant newts
  12 kobolds
  A quokka skeleton (D:6)
  9 rats
  A rat skeleton (D:6)
  A rat zombie (D:6)
103 creatures vanquished.

Notes
Turn   | Place    | Note
--------------------------------------------------------------
     0 | D:1      | CALLOUS, the Hill Orc Arcane Marksman, began the quest for the Orb.
     0 | D:1      | Reached XP level 1. HP: 16/16 MP: 1/1
   440 | D:1      | Reached skill level 1 in Armour
   468 | D:1      | Reached XP level 2. HP: 18/23 MP: 0/2
  2339 | D:1      | Reached XP level 3. HP: 26/28 MP: 2/4
  4267 | D:2      | Noticed Sigmund
  4460 | D:3      | Reached XP level 4. HP: 36/36 MP: 5/5
  5997 | D:3      | Reached skill level 1 in Axes
  6569 | D:4      | Noticed an ogre
  6695 | D:5      | Entered Level 5 of the Dungeon
  6733 | D:5      | Noticed an ogre
  7032 | D:4      | Reached XP level 5. HP: 26/42 MP: 6/6
  7248 | D:5      | Noticed Grinder
  7660 | D:5      | Reached skill level 4 in Fighting
  8471 | D:4      | Noticed an ogre
  9067 | D:4      | Reached XP level 6. HP: 44/50 MP: 8/8
  9567 | D:6      | Noticed an ice beast
  9799 | D:5      | Noticed Ijyb
  9846 | D:5      | Killed Ijyb
 10200 | D:5      | Slain by an ogre

Action                   |  1- 3 |  4- 6 || total
-------------------------+-------+-------++-------
Melee: Unarmed           |   268 |       ||   268
       Dagger            |    19 |   454 ||   473
Throw: Club              |    16 |    86 ||   102
       Javelin           |     5 |     8 ||    13
       Dagger            |     4 |     9 ||    13
       Dart              |     1 |    17 ||    18
       Stone             |       |    14 ||    14
       Spear             |       |     1 ||     1
 Cast: Corona            |    44 |    56 ||   100
  Use: Potion            |       |     5 ||     5
 Stab: Sleeping          |       |     1 ||     1
